AoeStats
← Flight of the Shoes

Lombardia

509493308Analyzed
3v3 RM · 4d ago on Sep 27, 2026· 82m 30s· 6 players
Game mode
Random Map
Map size
Normal (6 player)
Population
200
Speed
Normal
Resources
Standard
Victory
Conquest
Starting age
Dark Age
Ending age
Imperial Age
RankedLock teamsTeams togetherTeam positionsShared explorationLock speedFull tech treeHidden civsTurbo modeCheats
Victory
Defeat
🇺🇸 Persians · United States
962
+15
🇺🇸 Vietnamese · United States
923
+17
🇺🇸 Japanese · United States
919
+17
🇲🇽 Koreans · Mexico
951
-17
🇦🇷 Saxons · Argentina
932
-16
🇩🇪 Britons · Germany
922
-16
Rey Gyuma
10:55 Feudal Age
11:08 Loom
15:14 Double-Bit Axe
18:09 Castle Age
16:17 Horse Collar
28:01 Bow Saw
29:49 Scale Mail Armor
30:00 Forging
31:21 Chain Mail Armor
31:48 Wheelbarrow
36:53 Imperial Age
34:16 Fletching
34:53 Heavy Plow
35:31 Hand Cart
35:48 Ballistics
35:10 Treadmill Crane
35:25 Murder Holes
35:32 Town Watch
36:01 Caravan
36:24 Elite Skirmisher
37:08 Squires
38:41 Conscription
38:56 Padded Archer Armor
40:16 Hoardings
40:55 Two-Man Saw
39:38 Light Cavalry
40:29 Bloodlines
41:19 Town Patrol
43:02 Crop Rotation
44:36 Gold Mining
45:33 Plate Mail Armor
45:39 Iron Casting
44:59 Bodkin Arrow
45:10 Scale Barding Armor
46:32 Stone Mining
48:09 Gold Shaft Mining
48:45 Shield Wall
51:48 Iron Casting
51:13 Bracer
51:29 Leather Archer Armor
51:34 Chain Barding Armor
51:41 Elite Varangian Guard
53:05 Thumb Ring
52:23 Cranequins
54:12 Chemistry
53:23 Masonry
55:10 Arson
58:57 Ring Archer Armor
59:14 Heavy Mounted Crossbowman
59:51 Hussar
60:32 Husbandry
60:59 Pikeman
61:26 Gambesons
62:22 Elite Hearth Troop
63:36 Halberdier
64:54 Cavalier
SniperStoned
5:25 Loom
12:17 Feudal Age
14:03 Double-Bit Axe
14:26 Horse Collar
16:49 Castle Age
16:03 Gold Mining
16:06 Stone Mining
18:18 Bow Saw
19:35 Bow Saw
23:57 Wheelbarrow
26:24 Padded Archer Armor
26:16 Fletching
28:23 Gold Shaft Mining
31:27 Imperial Age
29:29 Masonry
30:18 Hand Cart
31:07 Caravan
33:08 Leather Archer Armor
32:49 Bodkin Arrow
32:18 Elite Longbowman
33:19 Conscription
36:34 Chemistry
35:55 Ballistics
35:13 Onager
38:01 Yeomen
38:38 Siege Engineers
39:27 Ring Archer Armor
38:57 Bracer
40:32 Scale Barding Armor
42:21 Husbandry
41:42 Light Cavalry
44:47 Hoardings
44:40 Chain Barding Armor
46:29 Two-Man Saw
53:10 Architecture
52:35 Murder Holes
61:15 Pikeman
61:55 Squires
62:35 Scale Mail Armor
62:45 Forging
62:27 Treadmill Crane
62:21 Halberdier
64:14 Chain Mail Armor
65:09 Iron Casting
65:11 Plate Barding Armor
MARC05007
0:39 Loom
11:02 Feudal Age
13:16 Wheelbarrow
12:32 Double-Bit Axe
15:46 Scale Mail Armor
17:33 Forging
19:58 Fletching
21:16 Stone Mining
21:17 Gold Mining
21:53 Horse Collar
23:30 Town Watch
24:49 Scale Barding Armor
28:21 Castle Age
28:35 Light Cavalry
29:11 Pikeman
29:52 Squires
29:41 Arson
30:27 Hand Cart
31:23 Stone Shaft Mining
31:24 Gold Shaft Mining
33:39 Coinage
32:53 Crossbowman
39:22 Imperial Age
37:36 Bodkin Arrow
38:43 Chain Barding Armor
39:58 Iron Casting
40:07 Bracer
42:06 Elite Skirmisher
42:26 Arbalester
43:14 Halberdier
45:07 Caravan
45:38 Banking
46:11 Conscription
46:26 Chain Mail Armor
46:20 Cavalier
48:31 Thumb Ring
49:37 Eupseong
50:47 Hussar
52:07 Capped Ram
52:56 Husbandry
53:19 Fervor
53:30 Sanctity
53:26 Block Printing
54:54 Plate Mail Armor
71:03 Guilds
Angry Bull Saloon
0:49 Loom
13:27 Feudal Age
14:12 Horse Collar
14:20 Double-Bit Axe
14:35 Gold Mining
19:41 Castle Age
18:29 Bloodlines
19:03 Forging
19:24 Scale Barding Armor
22:33 Stone Mining
23:43 Bow Saw
24:24 Husbandry
25:40 Iron Casting
26:41 Wheelbarrow
31:18 Caravan
36:48 Imperial Age
34:37 Hand Cart
35:45 Crossbowman
36:33 Thumb Ring
38:19 Conscription
38:00 Kamandaran
39:45 Chemistry
39:30 Fletching
39:40 Padded Archer Armor
41:18 Two-Man Saw
40:57 Bodkin Arrow
41:18 Leather Archer Armor
40:31 Elite Skirmisher
42:55 Blast Furnace
45:18 Chain Barding Armor
45:28 Ring Archer Armor
44:43 Cavalier
46:04 Ring Archer Armor
45:38 Scale Mail Armor
46:28 Savar
49:38 Plate Barding Armor
79:22 Spies/Treason
80:58 Elite War Elephant
Flight of the Shoes
1:07 Loom
13:00 Feudal Age
14:17 Gold Mining
14:50 Double-Bit Axe
16:14 Horse Collar
17:21 Fletching
18:20 Wheelbarrow
22:18 Castle Age
21:42 Stone Mining
23:34 Bow Saw
23:29 Heavy Plow
22:54 Elite Skirmisher
23:41 Padded Archer Armor
29:49 Hand Cart
29:21 Pikeman
30:12 Squires
30:46 Town Watch
32:02 Forging
31:50 Bodkin Arrow
31:56 Scale Mail Armor
35:13 Stone Shaft Mining
38:51 Imperial Age
38:08 Leather Archer Armor
38:04 Forging
38:10 Chain Mail Armor
38:39 Chatras
38:47 Thumb Ring
38:43 Arson
40:30 Crop Rotation
40:25 Paper Money
39:28 Elite Rattan Archer
39:51 Imperial Skirmisher
40:38 Bracer
41:09 Ring Archer Armor
41:37 Pikeman
41:39 Elite Fire Lancer
42:52 Plate Mail Armor
45:22 Two-Man Saw
45:03 Iron Casting
45:05 Halberdier
45:55 Scale Barding Armor
47:35 Chain Barding Armor
49:05 Bloodlines
48:19 Light Cavalry
49:50 Husbandry
49:15 Elite Battle Elephant
50:26 Caravan
53:46 Cavalier
55:07 Plate Barding Armor
56:55 Ballistics
56:41 Siege Engineers
57:38 Chemistry
59:16 Hoardings
60:06 Fortified Wall
Dislocated Shoulder
13:11 Feudal Age
14:12 Double-Bit Axe
16:34 Wheelbarrow
16:00 Gold Mining
17:48 Horse Collar
22:51 Castle Age
22:19 Stone Mining
26:38 Arson
27:10 Forging
27:02 Scale Mail Armor
27:27 Hand Cart
28:35 Iron Casting
29:33 Chain Mail Armor
37:08 Imperial Age
35:37 Town Watch
37:49 Gold Shaft Mining
37:28 Caravan
37:57 Elite Samurai
38:59 Conscription
40:51 Blast Furnace
40:22 Plate Mail Armor
42:49 Town Patrol
47:53 Elite Skirmisher
53:44 Pikeman
53:47 Man-at-Arms
54:15 Gambesons
54:31 Squires
55:01 Long Swordsman
55:42 Two-Handed Swordsman
56:31 Champion
60:42 Loom
69:13 Bow Saw
69:42 Kataparuto
81:14 Treadmill Crane
Connection lost

Rejoining the realm…

Still unreachable

The connection could not be restored.

Session expired

The server has moved on; the page needs a fresh start.